 Dungeon Crawl Stone Soup version 0.20.1-1-g8b1a95d (webtiles) character file.

147 dohliylev the Grave Robber (level 5, -1/35 HPs)
             Began as a Vampire Necromancer on Dec 17, 2017.
             Killed by divine providence
             ... invoked by an orc priest
              (11 damage)
             ... on level 3 of the Dungeon.
             The game lasted 00:12:46 (2832 turns).

dohliylev the Grave Robber (Vampire Necromancer)    Turns: 2832, Time: 00:12:46

Health: -1/35      AC:  4    Str: 13    XL:     5   Next: 7%
Magic:  4/10       EV: 13    Int: 18    God:
Gold:   99         SH:  0    Dex: 15    Spells: 4/10 levels left

rFire    x . .     SeeInvis +   k - +0 dagger
rCold    + . .     Gourm    .   (no shield)
rNeg     + . .     Faith    .   a - +0 robe
rPois    .         Spirit   .   (no helmet)
rElec    .         Reflect  .   q - +1 cloak
rCorr    .         Harm     .   (no gloves)
MR       .....                  (no boots)
Stlth    ++........             (no amulet)
Regen    0.2/turn               p - ring of ice
MPRegen  0.2/turn               l - +6 ring of strength

@: no status effects
A: fangs 3, see invisible, unbreathing
a: Bat Form


You were on level 3 of the Dungeon.
You were not thirsty.

You visited 1 branch of the dungeon, and saw 3 of its levels.

You collected 99 gold pieces.

Inventory:

Hand Weapons
 k - a +0 dagger (weapon)
Armour
 a - a +0 robe (worn)
 q - a +1 cloak (worn)
Jewellery
 l - a +6 ring of strength (right hand)
 m - an uncursed ring of protection from cold
 p - a ring of ice (left hand)
Scrolls
 d - a scroll of enchant armour {unknown}
 g - a scroll of recharging {unknown}
 h - 5 scrolls of identify {unknown}
 n - 4 scrolls of remove curse {unknown}
Potions
 c - a potion of blood
 e - 2 potions of agility {unknown}
 f - a potion of resistance {unknown}
 i - a potion of berserk rage {unknown}
 j - 3 potions of curing {unknown}
 o - 2 potions of heal wounds {unknown}
 r - a potion of might {unknown}
Books
 b - a book of Necromancy

   Spells                             Type                      Level
   a - Pain                           Necromancy                   1
   b - Animate Skeleton               Necromancy                   1
   c - Vampiric Draining              Necromancy                   3
   d - Regeneration                   Charms/Necromancy            3
   e - Animate Dead                   Necromancy                   4
   f - Control Undead                 Necromancy                   4


   Skills:
 - Level 2.1 Dodging
 - Level 3.0 Stealth
 + Level 3.4 Spellcasting
 + Level 6.0 Necromancy


You had 4 spell levels left.
You knew the following spells:

 Your Spells              Type           Power        Failure   Level  Hunger
a - Pain                  Necr           ####         1%          1    None
b - Animate Skeleton      Necr           N/A          1%          1    None
c - Animate Dead          Necr           N/A          13%         4    ####...


Dungeon Overview and Level Annotations

Branches:
Dungeon (3/15)

Altars:
Gozag


Innate Abilities, Weirdness & Mutations

You have razor-sharp teeth.
You have supernaturally acute eyesight. (SInv)
You can survive without breathing.


Message History

You have reached level 5!
You feel agile.
Casting: Pain
Confirm with . or Enter, or press ? or * to list all spells.
You don't have enough magic to cast that spell.
Okay, then.
Things that are here:
a dagger; a robe
Casting: Pain
Confirm with . or Enter, or press ? or * to list all spells.
There is nothing here that can be animated!
Things that are here:
a dagger; a robe The orc priest looks encouraged for a moment.
The orc priest calls down the wrath of Beogh upon you.
Beogh smites you!
* * * LOW HITPOINT WARNING * * *
The orc priest mumbles some strange prayers to Beogh against you.
Beogh smites you!
You die...

#.####.#######..)....#
#.................##.#
#.##.#..######.##.##.###
#.##.#..# #.##......#
#.......# #.#####.#.#
#<#####.######.......#.#
#.#####.#.......######.#####
#.......#...>...# #.......#
#.......#....@..# #.#.###.#
#.......#.......# #.#..##.#
#.......#.......####.#...#.#
#.......#.........#........#
#.......#.......#o#........#
#.......###...###.#.###.####
####.#### #....##.#.# ###
#.# #....##.#.# #.#
#.##.##.#.#


You could see an orc priest.

Vanquished Creatures
  An orc wizard (D:3)
  5 adders
  An ooze (D:3)
  3 leopard geckos (D:3)
  6 orcs (D:3)
  A ball python (D:2)
  6 bats
  3 giant cockroaches
  6 goblins
  8 hobgoblins
  3 frilled lizards
  9 kobolds
  7 rats
59 creatures vanquished.

Vanquished Creatures (collateral kills)
  A goblin (D:1)
1 creature vanquished.

Grand Total: 60 creatures vanquished

Notes
Turn   | Place    | Note
-------+----------+-------------------------------------------
     0 | D:1      | dohliylev the Vampire Necromancer began the quest for the Orb.
     0 | D:1      | Reached XP level 1. HP: 13/13 MP: 3/3
    62 | D:1      | Learned a level 1 spell: Animate Skeleton
   222 | D:1      | Reached XP level 2. HP: 19/19 MP: 3/5
   375 | D:1      | Reached skill level 5 in Necromancy
   658 | D:1      | You fall through a shaft!
   850 | D:2      | Reached XP level 3. HP: 24/24 MP: 4/6
   953 | D:2      | Found an opulent altar of Gozag.
  1542 | D:3      | Reached XP level 4. HP: 27/30 MP: 1/8
  1615 | D:3      | Learned a level 4 spell: Animate Dead
  2209 | D:3      | Found a faded altar of an unknown god.
  2820 | D:3      | Reached skill level 6 in Necromancy
  2820 | D:3      | Reached XP level 5. HP: 22/35 MP: 3/10
  2832 | D:3      | Killed from afar by an orc priest

Skill      XL: |  1  2  3  4 |
---------------+-------------+-----
Necromancy     | 5 6 |  6.0
Spellcasting   | 3 |  3.4
Dodging        | |  2.1
Stealth        | |  3.0

Action                   |  1- 3 |  4- 6 || total
-------------------------+-------+-------++-------
Melee: Dagger            |    12 |     5 ||    17
 Cast: Pain              |    68 |    38 ||   106
       Animate Skeleton  |     7 |     1 ||     8
       Animate Dead      |       |     3 ||     3
 Abil: End Transformatio |       |     2 ||     2
       Bat Form          |       |     2 ||     2
 Stab: Sleeping          |     4 |     2 ||     6
  Eat: Corpse            |     9 |     3 ||    12
Armor: Robe              |     6 |     2 ||     8
Dodge: Dodged            |    18 |     5 ||    23
